 Dungeon Crawl Stone Soup version 0.29.0-15-g675c0067aa (webtiles) character file.

Game seed: 9562920769877883992

0 Descartes the Firebug (level 1, 0/10 HPs)
             Began as a Deep Elf Wanderer on Sept 11, 2022.
             Hit by a stone thrown by a kobold (2 damage)
             ... on level 1 of the Dungeon.
             The game lasted 00:00:52 (71 turns).

Descartes the Firebug (Deep Elf Wanderer)             Turns: 71, Time: 00:00:53

Health: 0/10       AC:  2    Str:  7    XL:     1   Next: 0%
Magic:  3/5        EV: 11    Int: 17    God:
Gold:   14         SH:  0    Dex: 15    Spells: 1/3 levels left

rFire   . . .      SeeInvis .   a - +0 dagger
rCold   . . .      Faith    .   (no shield)
rNeg    . . .      Spirit   .   c - +0 robe
rPois   .          Reflect  .   (no helmet)
rElec   .          Harm     .   (no cloak)
rCorr   .          Rampage  .   (no gloves)
Will    .....                   (no boots)
Stlth   +.........              (no amulet)
HPRegen 0.03/turn               (no ring)
MPRegen 0.09/turn               (no ring)

@: very slightly contaminated
A: no striking features
a: no special abilities


You were on level 1 of the Dungeon.
You visited 1 branch of the dungeon, and saw 1 of its levels.

You collected 14 gold pieces.

Inventory:

Hand Weapons
 a - a +0 dagger (weapon)
Armour
 c - a +0 robe (worn)
Scrolls
 b - a scroll of fog
 e - a scroll of identify {unknown}
 h - a scroll of teleportation {unknown}
Potions
 f - 2 potions of heal wounds {unknown}
 g - a potion of curing {unknown}
Miscellaneous
 d - a piece from Xom's chessboard (15/15) (quivered)


   Skills:
 + Level 0.0 Short Blades
 + Level 0.0 Dodging
 + Level 0.0 Stealth
 + Level 1.5 Spellcasting
 + Level 0.0 Conjurations
 - Level 3.2 Summonings
 + Level 4.3 Fire Magic
 + Level 0.0 Poison Magic
 - Level 2.1 Evocations


You had one spell level left.
You knew the following spells:

 Your Spells              Type           Power      Damage    Failure   Level
a - Foxfire               Conj/Fire      32%        2x1d5     9%          1
b - Summon Small Mammal   Summ           48%        N/A       5%          1

Your spell library contained the following spells:

 Spells                   Type           Power      Damage    Failure   Level
 Call Imp                 Summ           12%        N/A       9%          2
 Summon Guardian Golem    Hex/Summ       6%         N/A       30%         3
 Ignite Poison            Fire/Tmut/Pois 6%         N/A       32%         3


Dungeon Overview and Level Annotations

Branches:
Dungeon (1/15)

Altars:


Message History

You barely miss the kobold.
The kobold is severely wounded.
Your quokka closely misses the kobold.
The kobold barely misses you.
You closely miss the kobold.
The kobold is severely wounded.
Your quokka barely misses the kobold.
The kobold closely misses you.
Unknown command.
You hit the kobold but do no damage.
The kobold is severely wounded.
Your quokka barely misses the kobold.
The kobold closely misses you.
You barely miss the kobold.
The kobold is severely wounded.
Your quokka closely misses the kobold.
The kobold barely misses you. Something barely misses your quokka.
You hit the kobold but do no damage.
The kobold is severely wounded.
Your quokka barely misses the kobold.
The kobold hits you with a +0 short sword.
Your quokka bites the kobold but does no damage.
Something barely misses your quokka.
A goblin comes into view. It is wielding a +0 club.
Casting: Summon Small Mammal (safe; 5% risk of failure)
Confirm with . or Enter, or press ? or * to list all spells.
You miscast Foxfire.
You are very lightly contaminated with residual magic.
Nothing appears to happen.
Your quokka bites the kobold but does no damage.
The kobold hits you with a +0 short sword.
* * * LOW HITPOINT WARNING * * *
The goblin barely misses your quokka.
Something bites your quokka but does no damage.
Your quokka barely misses the kobold.
Something hits your quokka but does no damage.
Something bites your quokka but does no damage.
A rat comes into view.
The kobold attacks as you move away!
The kobold hits you with a +0 short sword.
* * * LOW HITPOINT WARNING * * *
The kobold throws a stone.
The stone hits you.
You die...

###.. .. .
#...##########.# ..
#..............# ...
#.............# ....
#....##'##....# .....
#...##...##...#
....rg######...#..<..#...#
..$....rK..#...##...##...#
##########@#....##+##....#
#.#.............#
#...............##
###############..# ##..
#.. #.. #.. #..


You could see a goblin, a kobold (ally target), a rat (distracted) and a
friendly quokka (summoned).

Vanquished Creatures (others)
  2 foxfires (D:1)
2 creatures vanquished.

Notes
Turn   | Place    | Note
-------+----------+-------------------------------------------
     0 | D:1      | Descartes the Deep Elf Wanderer began the quest for the
                  | Orb.
     0 | D:1      | Descartes set off with the following items: a +0 dagger, a
                  | scroll of fog, a +0 robe, a piece from Xom's chessboard
                  | (15/15); and the following spells available to memorise:
                  | Summon Small Mammal, Foxfire, Call Imp, Summon Guardian
                  | Golem, Ignite Poison.
     0 | D:1      | Reached XP level 1. HP: 10/10 MP: 5/5
     2 | D:1      | Learned a level 1 spell: Foxfire
     4 | D:1      | Learned a level 1 spell: Summon Small Mammal
    71 | D:1      | Hit by a stone thrown by a kobold

Illustrated notes

Levels and vault maps discovered:
D:1:      dpeg_arrival_shelter, layout_basic,
          hellmonk_ecumenical_altar_heavens_door

Action                   || total
-------------------------++-------
Melee: Dagger            ||     5
 Cast: Foxfire           ||     2
       Summon Small Mamm ||     1
Dodge: Dodged            ||     4
